 Dungeon Crawl Stone Soup version 0.22.1-2-g9c5b331 (webtiles) character file.

1511 Matador8 the Martial Artist (level 8, 0/58 HPs)
             Began as a Merfolk Transmuter on Dec 19, 2018.
             Was a Follower of Dithmenos.
             Shot with a sling bullet by Joseph (13 damage)
             ... on level 7 of the Dungeon.
             The game lasted 00:41:07 (6749 turns).

Matador8 the Martial Artist (Merfolk Transmuter)    Turns: 6749, Time: 00:41:08

Health: 0/58       AC:  5    Str: 10    XL:     8   Next: 83%
Magic:  9/11       EV: 12    Int: 14    God:    Dithmenos [*.....]
Gold:   205        SH:  0    Dex: 15    Spells: 0/11 levels left

rFire    . . .     SeeInvis .     - Unarmed
rCold    + . .     Gourm    .   (no shield)
rNeg     . . .     Faith    .   E - +1 leather armour {rC+}
rPois    .         Spirit   .   (no helmet)
rElec    .         Reflect  .   r - +0 cloak
rCorr    .         Harm     .   (no gloves)
MR       .....                  (no boots)
Stlth    +.........             h - amulet of magic regeneration
HPRegen  0.19/turn              (no ring)
MPRegen  0.37/turn              (no ring)

@: about to teleport, appendage, wreathed by umbra
A: change form in water, swift swim, stealthy swim, horns 2
a: End Transformation, Renounce Religion


You were on level 7 of the Dungeon.
You worshipped Dithmenos.
Dithmenos was aware of your devotion.
You were not hungry.
You had grown temporary horns.
You visited 1 branch of the dungeon, and saw 7 of its levels.

You collected 205 gold pieces.

Inventory:

Missiles
 a - 48 arrows
 l - 12 poisoned needles
 v - a throwing net (quivered)
Armour
 r - a +0 cloak (worn)
 w - a +1 chain mail of poison resistance
 E - a +1 leather armour of cold resistance (worn)
Jewellery
 h - an amulet of magic regeneration (around neck)
Scrolls
 c - 2 scrolls of enchant weapon {unknown}
 f - 5 scrolls of identify
 m - 2 scrolls of remove curse
 p - 4 scrolls of magic mapping
 q - 2 scrolls of amnesia {unknown}
 s - 2 scrolls of random uselessness {unknown}
 t - 2 scrolls of fear {unknown}
 u - 4 scrolls of enchant armour {unknown}
 x - a scroll of noise {unknown}
 y - a scroll of fog {unknown}
 B - 2 scrolls of immolation {unknown}
Potions
 b - a potion of degeneration {unknown}
 g - a potion of heal wounds {unknown}
 i - 2 potions of might {unknown}
 j - 3 potions of brilliance {unknown}
 k - a potion of haste {unknown}
 n - a potion of lignification {unknown}
 o - a potion of ambrosia {unknown}
 z - 2 potions of curing
 A - 2 potions of invisibility {unknown}
Comestibles
 d - 6 rations


   Skills:
 + Level 3.4 Fighting
 - Level 2.6 Dodging
 - Level 10.0 Unarmed Combat
 - Level 2.0 Spellcasting
 + Level 7.6 Transmutations


You couldn't memorise any spells.
You knew the following spells:

 Your Spells              Type           Power        Failure   Level  Hunger
a - Beastly Appendage     Tmut           ###...       1%          1    ##.....
b - Sticks to Snakes      Tmut           ###.....     2%          2    ###....
c - Spider Form           Tmut/Pois      ##........   21%         3    ####...
d - Blade Hands           Tmut           ###.......   36%         5    ######.

Your spell library contained the following spells:

 Spells                   Type           Power        Failure   Level  Hunger
 Animate Skeleton         Necr           N/A          32%         1    ##.....
 Corona                   Hex            #......      32%         1    ##.....
 Pain                     Necr           #...         32%         1    ##.....
 Ensorcelled Hibernation  Hex/Ice        #.....       43%         2    ###....
 Ice Form                 Ice/Tmut       ##......     56%         4    #####..
 Confuse                  Hex            #.......     67%         3    ####...
 Dazzling Spray           Conj/Hex       #.....       67%         3    ####...
 Regeneration             Chrm/Necr      #.........   67%         3    ####...
 Tukima's Dance           Hex            #.......     67%         3    ####...
 Vampiric Draining        Necr           #.........   67%         3    ####...
 Animate Dead             Necr           N/A          97%         4    #####..


Dungeon Overview and Level Annotations

Branches:
Dungeon (7/15)             Temple (0/1) D:6

Altars:
Dithmenos
Sif Muna
Vehumet

Annotations:
D:7 Joseph


Innate Abilities, Weirdness & Mutations

You revert to your normal form in water.
You are very nimble and swift while swimming.
You are very stealthy in the water. (Stealth+)
You have a pair of horns on your head.


Message History

Confirm with . or Enter, or press ? or * to list all spells.
You create a snake!
You now have 48 arrows.
Your ball python barely misses the crimson imp. x2
You swap places.
The crimson imp blinks!
Joseph shoots a sling bullet.
The sling bullet closely misses your ball python.
The sling bullet completely misses your ball python.
The sling bullet hits you!
* * * LOW HITPOINT WARNING * * *
The phantom hits you!
* * * LOW HITPOINT WARNING * * *
You see here a sling bullet.
You feel better.
Your ball python bites the phantom but does no damage.
The phantom blinks!
Joseph shoots a sling bullet.
The sling bullet misses you.
As you read the scroll of teleportation, it crumbles to dust.
You feel strangely unstable.
Your ball python bites Joseph but does no damage.
Your ball python grabs Joseph.
Your ball python constricts Joseph.
Joseph shoots a sling bullet.
The sling bullet hits you!
You die...

......... .+##
#..........####...
#...............
#.............#
#.......##....#####.#
####
.##.......####'.......#
...#
...............S@.#[..###
...#. ...........(.†....#
..#
...#......W....§@.......#
...
...#..........5S.(......#
...
...#...........S........#
.. .<###..#
##.....####.#### .
'####..####....(## #.#
...#....#........# ...
...#....'....>...# ...#
...#....#........# ..#
...#....#........#


You could see Joseph, a phantom, a crimson imp and 3 friendly ball pythons.

Vanquished Creatures
  An ice beast (D:6)
  An orc warrior (D:5)
  2 centaurs (D:6)
  4 bullfrogs
  2 scorpions
  A howler monkey (D:5)
  3 crimson imps
  A bullfrog zombie (D:7)
  A jelly (D:6)
  A centaur skeleton (D:5)
  A hound (D:7)
  A bullfrog skeleton (D:5)
  3 orc wizards
  Terence (D:2)
  A worker ant (D:5)
  A killer bee zombie (D:5)
  A hound zombie (D:7)
  2 gnolls (D:4)
  5 adders
  A shadow imp (D:6)
  2 worms
  4 dart slugs
  4 leopard geckos
  8 orcs
  8 bats
  5 giant cockroaches
  3 goblins
  4 hobgoblins
  9 kobolds
  4 quokkas
  3 ball pythons
  4 frilled lizards
  A quokka skeleton (D:4)
  2 quokka zombies
  8 rats
103 creatures vanquished.

Vanquished Creatures (collateral kills)
  A phantom (D:4)
  An ogre (D:4)
  A hound (D:4)
  2 orc wizards (D:4)
  A worker ant (D:4)
  2 adders (D:3)
  2 gnolls (D:4)
  2 worms
  A dart slug (D:1)
  A goblin (D:3)
  A quokka (D:2)
  2 bats (D:1)
17 creatures vanquished.

Grand Total: 120 creatures vanquished

Notes
Turn   | Place    | Note
-------+----------+-------------------------------------------
     0 | D:1      | Matador8 the Merfolk Transmuter began the quest for the
                  | Orb.
     0 | D:1      | Reached XP level 1. HP: 15/15 MP: 3/3
   116 | D:1      | Reached XP level 2. HP: 12/21 MP: 3/5
   158 | D:1      | Learned a level 2 spell: Sticks to Snakes
   401 | D:1      | Reached skill level 4 in Unarmed Combat
   401 | D:1      | Reached XP level 3. HP: 18/26 MP: 2/6
   957 | D:2      | Reached XP level 4. HP: 32/32 MP: 4/7
   967 | D:2      | Learned a level 3 spell: Spider Form
  1198 | D:2      | Noticed Terence
  1215 | D:2      | Killed Terence
  2123 | D:3      | Reached skill level 5 in Transmutations
  2123 | D:3      | Reached XP level 5. HP: 37/37 MP: 3/8
  2518 | D:4      | Reached skill level 5 in Unarmed Combat
  2596 | D:4      | Noticed an ogre
  2618 | D:4      | Killed an ogre
  2746 | D:4      | Reached XP level 6. HP: 23/43 MP: 2/9
  2790 | D:4      | Noticed a phantom
  2806 | D:4      | Killed a phantom
  3185 | D:4      | Reached skill level 6 in Unarmed Combat
  3511 | D:4      | Reached XP level 7. HP: 46/48 MP: 7/10
  3657 | D:5      | Entered Level 5 of the Dungeon
  3693 | D:5      | Reached skill level 7 in Unarmed Combat
  4071 | D:5      | Found a shadowy altar of Dithmenos.
  4085 | D:5      | Became a worshipper of Dithmenos the Shadowed
  4109 | D:5      | Reached skill level 8 in Unarmed Combat
  4418 | D:5      | Found a deep blue altar of Sif Muna.
  5353 | D:6      | Found a staircase to the Ecumenical Temple.
  5450 | D:6      | Reached skill level 9 in Unarmed Combat
  5450 | D:6      | Reached XP level 8. HP: 20/54 MP: 7/11
  5752 | D:6      | HP: 1/54 [orc warrior/battleaxe (13)]
  6079 | D:5      | Reached skill level 10 in Unarmed Combat
  6244 | D:6      | Learned a level 5 spell: Blade Hands
  6306 | D:6      | Found a radiant altar of Vehumet.
  6639 | D:7      | Got a pitted silver ring
  6654 | D:7      | Identified the cursed ring of Voedwal {rElec rF- AC-5 Int+8
                  | Stlth-} (You found it on level 7 of the Dungeon)
  6741 | D:7      | Reached * piety under Dithmenos
  6741 | D:7      | Noticed Joseph
  6749 | D:7      | Shot with a sling bullet by Joseph

Skill      XL: |  1  2  3  4  5  6  7  8 |
---------------+-------------------------+-----
Transmutations | 3 4 5 6 7 |  7.6
Unarmed Combat | 4 5 6 9 10 | 10.0
Fighting       | 3 |  3.4
Dodging        | |  2.6
Spellcasting   | |  2.0

Action                   |  1- 3 |  4- 6 |  7- 9 || total
-------------------------+-------+-------+-------++-------
Melee: Unarmed           |    93 |   156 |   182 ||   431
       Headbutt          |     9 |     9 |    10 ||    28
       Punch             |     1 |       |    10 ||    11
 Cast: Beastly Appendage |    14 |    14 |     7 ||    35
       Sticks to Snakes  |     6 |    23 |    26 ||    55
       Spider Form       |       |     3 |     6 ||     9
  Use: Scroll            |       |       |     7 ||     7
       Potion            |       |       |     2 ||     2
 Stab: Sleeping          |       |     2 |     1 ||     3
       Distracted        |       |     1 |     5 ||     6
  Eat: Chunk             |     1 |    11 |     6 ||    18
       Ration            |       |       |     2 ||     2
Armor: Robe              |    16 |    20 |     3 ||    39
       Leather armour    |       |       |    40 ||    40
Dodge: Dodged            |    64 |    83 |   101 ||   248
